 Dungeon Crawl Stone Soup version 0.26-a0-52-gd53d4cd058 (webtiles) character file.

Game seed: 1137346981726885532

70854 tilp the Unseen (level 14, -1/76 HPs)
             Began as a Spriggan Enchanter on June 5, 2020.
             Was the Champion of Dithmenos.
             Drowned by a drowned soul (17 damage)
             ... summoned by a merfolk avatar
             ... on level 6 of the Lair of Beasts.
             The game lasted 01:31:01 (25401 turns).

tilp the Unseen (Spriggan Enchanter)               Turns: 25401, Time: 01:31:03

Health: -1/76      AC: 19    Str:  4    XL:     14   Next: 95%
Magic:  13/36      EV: 30    Int: 21    God:    Dithmenos [******]
Gold:   1359       SH:  7    Dex: 17    Spells: 15/30 levels left

rFire    . . .     SeeInvis +   a - +2 dagger
rCold    . . .     Gourm    .   I - +0 buckler
rNeg     . . .     Faith    .   M - +5 steam dragon scales
rPois    .         Spirit   .   b - +2 hood of the Assassin {Detection Stab+ Stlth++}
rElec    .         Reflect  .   p - +2 cloak
rCorr    .         Harm     .   (gloves unavailable)
MR       ++...                  (boots unavailable)
Stlth    ++++++++..             (no amulet)
HPRegen  0.22/turn              k - +4 ring of protection
MPRegen  0.25/turn              S - ring of magical power

@: mesmerised, wreathed by umbra, slow
A: very small, unfitting armour, see invisible, herbivore, speed 3, slow
metabolism 2
a: Shadow Step, Shadow Form, Renounce Religion


You were on level 6 of the Lair of Beasts.
You worshipped Dithmenos.
Dithmenos was exalted by your worship.
You were not hungry.

You visited 3 branches of the dungeon, and saw 18 of its levels.
You also visited: Sewer, Ossuary and Bailey.

You collected 1359 gold pieces.

Inventory:

Hand Weapons
 a - a +2 dagger (weapon)
 L - a +4 dagger of distortion
Missiles
 h - 44 poisoned darts (quivered)
 K - 12 curare-tipped darts
Armour
 b - the +2 hood of the Assassin (worn) {Detection Stab+ Stlth++}
   (You acquired it on level 8 of the Dungeon)

   It makes you much more stealthy.
 p - a +2 cloak (worn)
 F - the +2 cloak of Shielding {*Slow rC+ rN+++}
   (You found it on level 6 of the Dungeon)

   It protects you from cold.
   It renders you almost immune to negative energy.
   It may slow you when you take damage.
 I - a +0 buckler (worn)
 M - +5 steam dragon scales (worn)
Jewellery
 k - a +4 ring of protection (left hand)
 m - an uncursed ring of ice
 S - a ring of magical power (right hand)
Wands
 l - a wand of flame (29)
 y - a wand of disintegration (11)
 E - a wand of acid (4)
 P - a wand of enslavement (5)
 R - a wand of polymorph (14)
 T - a wand of clouds (5)
Scrolls
 g - 10 scrolls of remove curse
 j - 7 scrolls of teleportation
 n - 2 scrolls of blinking
 o - 7 scrolls of enchant weapon
 H - 5 scrolls of amnesia
 O - 6 scrolls of summoning
 Q - a scroll of torment {unknown}
 W - 2 scrolls of fog
 X - 2 scrolls of fear
Potions
 d - a potion of resistance
 e - a potion of cancellation
 f - 3 potions of haste
 i - 19 potions of curing
 q - 6 potions of magic
 r - 6 potions of lignification
 s - 7 potions of heal wounds
 t - 3 potions of flight
 x - 6 potions of might
 z - 4 potions of mutation
 A - 2 potions of stabbing
 B - 7 potions of brilliance
 D - a potion of ambrosia
 J - 2 potions of berserk rage
 Z - a potion of invisibility
Miscellaneous
 U - a phantom mirror
Comestibles
 c - 33 rations


   Skills:
 + Level 9.7 Fighting
 - Level 10.0 Short Blades
 - Level 15.0 Dodging
 - Level 18.0 Stealth
 - Level 4.0 Shields
 - Level 8.8 Spellcasting
 - Level 10.0 Hexes
 - Level 5.0 Invocations
 - Level 4.0 Evocations


You had 15 spell levels left.
You knew the following spells:

 Your Spells              Type           Power        Failure   Level  Hunger
a - Cause Fear            Hex            ######....   1%          4    ###....
b - Ensorcelled Hibernat  Hex/Ice        ####..       1%          2    None
c - Confusing Touch       Hex            ######..     1%          3    None
d - Tukima's Dance        Hex            ######..     1%          3    None
e - Dazzling Flash        Conj/Hex       ####..       3%          3    None

Your spell library contained the following spells:

 Spells                   Type           Power        Failure   Level  Hunger
 Corona                   Hex            ######.      1%          1    None
 Apportation              Tloc           #.....       9%          1    None
 Foxfire                  Conj/Fire      #...         9%          1    None
 Summon Butterflies       Summ           #.......     9%          1    None
 Invisibility             Hex            ######..     22%         6    ######.
 Lesser Beckoning         Tloc           #.........   26%         3    None
 Alistair's Intoxication  Tmut/Pois      #.......     94%         5    #####..
 Dragon Form              Tmut           #.........   100%        7    #######
 Dragon's Call            Summ           #.........   100%        9    #######


Dungeon Overview and Level Annotations

Branches:
Dungeon (11/15)            Temple (1/1) D:5            Lair (6/6) D:9
  Swamp (0/4) Lair:3        Snake (0/4) Lair:4        Slime (0/5) Lair:5
    Orc (0/2) D:9           Sewer (visited)         Ossuary (visited)
 Bailey (visited)

Altars:
Ashenzari
Cheibriados
Dithmenos
Elyvilon
Fedhas
Gozag
Hepliaklqana
Kikubaaqudgha
Makhleb
Nemelex Xobeh
Okawaru
Qazlal
Ru
Sif Muna
Trog
Uskayaw
Vehumet
Wu Jian
Xom
Yredelemnul
Zin
The Shining One

Annotations:
D:5 2 transporters, 1 runed translucent door, p0werm0de's ghost, novice DDFi
D:7 1 runed translucent door, Crazy Yiuf
D:8 swamp/snake glass vault
D:11 wizard!
Lair:1 Fannar


Innate Abilities, Weirdness & Mutations

You are very small and have problems with some larger weapons.
You are too small for most types of armour.
You have supernaturally acute eyesight. (SInv)
You are a herbivore.
You cover ground extremely quickly.
You need to consume almost no food.


Message History

You create a blast of flame!
You block the drowned soul's attack.
The merfolk avatar chants its luring song.
Unknown command.
Evoke which item? (* to show all) (? for menu, Esc to quit)
Aiming: Enslavement
Press: ? - help, Shift-Dir - straight line, f/p - merfolk avatar
Aim: a merfolk avatar (black smoke, lightly wounded, mesmerising, umbra, chance to defeat MR: 0%)
Okay, then.
Unknown command.
Evoke which item? (* to show all) (? for menu, Esc to quit)
Aiming: Corrosive Bolt
Press: ? - help, Shift-Dir - straight line, f/p - merfolk avatar
Aim: a merfolk avatar (black smoke, lightly wounded, mesmerising, umbra)
The bolt of acid hits the merfolk avatar!!
The merfolk avatar is splashed with acid.
The merfolk avatar is moderately wounded.
The pull of its song draws you forwards.
You block the drowned soul's attack. The drowned soul touches you.
The drowned soul drowns you!
You die...

......≈ .....P.##≈########...##
........#≈#≈≈8#≈≈≈≈≈≈≈≈≈8
......≈≈≈≈≈≈≈≈#≈≈≈≈≈≈≈≈≈≈
......≈≈≈≈.≈≈≈#≈≈≈#≈≈≈≈≈≈#≈≈≈≈≈≈
.......##≈.≈≈≈#≈≈§≈≈≈≈≈≈≈#≈≈≈≈≈##
......≈##≈#P≈§§§§≈§:§$≈#≈.≈≈P#≈..
.......≈≈≈≈≈8§P§§W$W≈)≈≈≈#≈≈≈≈≈≈≈
...#..≈≈≈≈≈≈§§§§@m)≈§?≈≈m#≈≈≈≈P≈≈
.#.#...##≈#≈§§§§W§)W/)≈≈≈#≈≈≈.≈#.
#......##≈.≈§≈#§§P≈≈≈(≈≈≈#P≈≈≈≈##
##.##.P≈P≈#P≈§#≈§≈≈≈≈≈≈≈≈#≈P≈≈≈≈≈
##.#.≈.≈≈≈≈≈≈≈#≈≈P≈≈≈≈≈≈≈#≈≈≈≈≈≈≈
....#.≈##≈.≈≈.#.≈≈≈≈≈≈≈≈.#≈P≈#≈#.
##.....##≈###################.≈##
##....P≈≈≈≈≈≈≈≈≈≈≈≈≈≈≈≈≈≈≈≈≈≈≈≈≈P
#.....≈≈≈≈≈≈≈≈≈P≈≈≈≈≈≈≈≈≈≈≈≈≈≈≈≈P


You could see a merfolk avatar (mesmerising) and 4 drowned souls.

Vanquished Creatures
  6 hydras
  2 catoblepae
  3 two-headed ogres
  Sonja (Lair:1)
  3 unseen horrors
  A sea snake (Lair:6)
  3 orc knights (Bailey)
  2 ugly things (D:11)
  A cyclops (D:9)
  A manticore (Lair:6)
  3 black mambas
  9 elephants
  A centaur zombie (D:11)
  Psyche (D:8)
  2 gargoyles (D:9)
  8 spiny frogs
  Maggie (D:7)
  2 rime drakes
  6 komodo dragons
  A queen bee (D:11)
  4 polar bears
  A troll (D:9)
  3 hornets
  2 slime creatures (Lair:5)
  11 blink frogs
  5 dream sheep (Lair:5)
  10 hippogriffs
  A wraith (D:11)
  2 wyverns
  2 basilisks
  17 yaks
  3 hungry ghosts
  5 vampire mosquitoes (Lair:3)
  A steam dragon (D:11)
  Menkaure (Ossuary)
  A naga (Lair:4)
  A soldier ant (D:10)
  Duvessa (D:7)
  10 water moccasins
  10 porcupines
  14 orc warriors
  4 black bears (D:9)
  2 sky beasts
  3 ice beasts
  A wolf (D:9)
  5 centaurs
  11 ogres
  2 necrophages (D:11)
  15 crocodiles
  15 bullfrogs
  4 big kobolds
  A wyvern skeleton (D:11)
  Dowan (D:7)
  2 scorpions
  30 killer bees (D:11)
  6 wights
  2 howler monkeys (D:4)
  8 crimson imps
  2 quasits
  2 bullfrog zombies (D:6)
  A bullfrog skeleton (D:10)
  6 jellies
  4 orc priests
  6 hounds
  7 orc wizards
  4 centaur skeletons
  Jessica (D:3)
  An iguana (D:9)
  Ijyb (D:3)
  6 worker ants
  4 hell rats (Lair:1)
  2 killer bee zombies
  4 mummies
  A howler monkey skeleton (D:10)
  A worker ant zombie (D:6)
  11 gnolls
  6 river rats
  16 adders
  2 shadow imps
  2 oozes (Sewer)
  2 adder skeletons
  A worm (D:4)
  3 dart slugs
  4 leopard geckos
  64 orcs
  6 bats
  7 giant cockroaches
  4 gnoll zombies (Ossuary)
  13 goblins
  6 hobgoblins
  63 kobolds
  3 quokkas
  5 ball pythons
  6 frilled lizards
  3 gnoll skeletons (Ossuary)
  4 goblin skeletons (Ossuary)
  4 goblin zombies (Ossuary)
  4 hobgoblin skeletons (Ossuary)
  2 hobgoblin zombies (Ossuary)
  2 kobold skeletons (Ossuary)
  2 kobold zombies (Ossuary)
  7 orc skeletons (Ossuary)
  6 orc zombies (Ossuary)
  29 rats
  3 rat skeletons (Ossuary)
  7 rat zombies (Ossuary)
624 creatures vanquished.

Vanquished Creatures (others)
  A kobold skeleton (Ossuary)
  An orc skeleton (Ossuary)
  6 fungi
  10 plants
18 creatures vanquished.

Grand Total: 642 creatures vanquished

Notes
Turn   | Place    | Note
-------+----------+-------------------------------------------
     0 | D:1      | tilp the Spriggan Enchanter began the quest for the Orb.
     0 | D:1      | Reached XP level 1. HP: 9/9 MP: 5/5
   289 | D:1      | Reached XP level 2. HP: 12/13 MP: 0/6
   299 | D:1      | Learned a level 2 spell: Ensorcelled Hibernation
   381 | D:1      | Reached skill level 5 in Stealth
  1424 | D:2      | Reached XP level 3. HP: 16/16 MP: 8/8
  1429 | D:2      | Learned a level 3 spell: Confusing Touch
  1863 | D:2      | Reached skill level 6 in Stealth
  2240 | D:2      | Reached XP level 4. HP: 21/21 MP: 4/9
  2806 | D:3      | Noticed Ijyb
  2810 | D:3      | Killed Ijyb
  2810 | D:3      | Reached skill level 7 in Stealth
  2839 | D:3      | Noticed Jessica
  2848 | D:3      | Killed Jessica
  2848 | D:3      | Reached XP level 5. HP: 24/24 MP: 5/10
  4292 | D:4      | Found a sand-covered staircase.
  4296 | D:4      | Reached skill level 8 in Stealth
  4299 | Ossuary  | Entered an ossuary
  4358 | Ossuary  | Reached XP level 6. HP: 28/28 MP: 11/11
  4899 | Ossuary  | Noticed Menkaure
  4905 | Ossuary  | Killed Menkaure
  4905 | Ossuary  | Reached skill level 5 in Short Blades
  5288 | D:4      | Learned a level 3 spell: Tukima's Dance
  5586 | D:4      | Reached skill level 5 in Hexes
  5729 | D:4      | Reached XP level 7. HP: 32/32 MP: 7/14
  7165 | D:5      | Entered Level 5 of the Dungeon
  7326 | D:5      | Found a staircase to the Ecumenical Temple.
  7343 | D:5      | Reached XP level 8. HP: 32/37 MP: 6/15
  7382 | D:5      | Noticed a hornet
  7511 | D:5      | Reached skill level 1 in Fighting
  7532 | D:5      | Found a glowing drain.
  7540 | Sewer    | Entered a sewer
  8236 | Sewer    | Learned a level 4 spell: Cause Fear
  8240 | Sewer    | Learned a level 3 spell: Dazzling Flash
  8716 | Temple   | Entered the Ecumenical Temple
  8805 | Temple   | Became a worshipper of Dithmenos the Shadowed
  8857 | D:5      | Found a transporter.
  8880 | D:5      | Found a glowing golden altar of the Shining One.
  8880 | D:5      | Found a runed translucent door.
  8880 | D:5      | Noticed an angel
  9522 | D:5      | Reached skill level 5 in Spellcasting
  9829 | D:5      | Noticed p0werm0de's ghost (novice DDFi)
  9868 | D:5      | Found a transporter.
 10275 | D:6      | Reached skill level 5 in Dodging
 10614 | D:6      | Got a faintly glowing cloak
 10920 | D:6      | Found a burning altar of Makhleb.
 11083 | D:6      | Reached * piety under Dithmenos
 11305 | D:7      | Identified the +2 cloak of Shielding {*Slow rC+ rN+++} (You
                  | found it on level 6 of the Dungeon)
 11309 | D:7      | Noticed a hippogriff
 11310 | D:7      | Noticed Maggie
 11335 | D:7      | Killed a hippogriff
 11335 | D:7      | Reached skill level 1 in Shields
 11335 | D:7      | Reached XP level 9. HP: 44/44 MP: 16/19
 11589 | D:7      | Noticed Dowan
 11955 | D:7      | Noticed Duvessa
 11992 | D:7      | Killed Duvessa
 12047 | D:7      | Killed Dowan
 12674 | D:7      | Killed Maggie
 12674 | D:7      | Reached skill level 9 in Stealth
 12880 | D:7      | Found a runed translucent door.
 12881 | D:7      | Noticed Crazy Yiuf
 12953 | D:8      | Identified a scroll of acquirement
 12954 | D:8      | Found the +2 hood of the Assassin {Detection Stab+ Stlth++}
 12954 | D:8      | Got the +2 hood of the Assassin {Detection Stab+ Stlth++}
 13078 | D:8      | Reached skill level 1 in Evocations
 13140 | D:8      | Noticed Psyche
 13146 | D:8      | Killed Psyche
 13146 | D:8      | Reached XP level 10. HP: 41/49 MP: 11/22
 13174 | D:8      | Reached ** piety under Dithmenos
 13181 | D:8      | Found a flagged portal.
 13335 | Bailey   | Entered a bailey
 13725 | Bailey   | Reached skill level 10 in Stealth
 13777 | Bailey   | Noticed an orc knight
 13914 | Bailey   | Killed an orc knight
 14278 | Bailey   | Noticed an orc knight
 14478 | Bailey   | Noticed an orc knight
 14583 | Bailey   | Killed an orc knight
 14640 | Bailey   | Killed an orc knight
 14640 | Bailey   | Reached skill level 11 in Stealth
 14942 | D:8      | Reached *** piety under Dithmenos
 14988 | D:8      | Reached skill level 12 in Stealth
 15058 | D:8      | Found a shattered altar of Ashenzari.
 15062 | D:8      | Saw a vision of the Swamp and the Snake Pit.
 15062 | D:8      | Noticed an anaconda
 15062 | D:8      | Noticed a nagaraja
 15062 | D:8      | Noticed a naga warrior
 15062 | D:8      | Noticed a naga warrior
 15062 | D:8      | Noticed a salamander
 15062 | D:8      | Noticed an alligator
 15062 | D:8      | Noticed an alligator
 15062 | D:8      | Noticed a salamander
 15063 | D:8      | Noticed a black mamba
 15063 | D:8      | Noticed a naga sharpshooter
 15064 | D:8      | Noticed a black mamba
 15360 | D:9      | Noticed a four-headed hydra
 15363 | D:9      | Noticed a gargoyle
 15363 | D:9      | Noticed a gargoyle
 15364 | D:9      | Noticed a cyclops
 15365 | D:9      | Killed a four-headed hydra
 15365 | D:9      | Reached XP level 11. HP: 52/52 MP: 24/24
 15689 | D:9      | Reached **** piety under Dithmenos
 15847 | D:9      | Found a staircase to the Orcish Mines.
 16466 | D:9      | Reached skill level 13 in Stealth
 16573 | D:9      | Found a staircase to the Lair.
 16869 | D:10     | Entered Level 10 of the Dungeon
 16869 | D:10     | Noticed an unseen horror
 16871 | D:10     | Killed an unseen horror
 16886 | D:10     | Noticed a two-headed ogre
 16892 | D:10     | Killed a two-headed ogre
 16910 | D:10     | Noticed a two-headed ogre
 16916 | D:10     | Killed a two-headed ogre
 16916 | D:10     | Reached skill level 10 in Dodging
 17634 | D:11     | Noticed an unseen horror
 17646 | D:11     | Killed an unseen horror
 17646 | D:11     | Reached skill level 5 in Fighting
 17782 | D:11     | Reached XP level 12. HP: 60/60 MP: 25/25
 17793 | D:11     | Reached ***** piety under Dithmenos
 17851 | D:11     | Reached skill level 10 in Hexes
 17904 | D:11     | Noticed a six-headed hydra
 17911 | D:11     | Killed a six-headed hydra
 17911 | D:11     | Reached skill level 14 in Stealth
 18143 | D:11     | Reached skill level 10 in Short Blades
 18316 | D:11     | Noticed a two-headed ogre
 18325 | D:11     | Killed a two-headed ogre
 18588 | D:11     | Noticed a four-headed hydra
 18856 | D:11     | Reached skill level 15 in Stealth
 19001 | D:11     | Killed a four-headed hydra
 19496 | Lair:1   | Entered Level 1 of the Lair of Beasts
 19908 | Lair:1   | Noticed Fannar
 20158 | Lair:1   | Noticed Sonja
 20168 | Lair:1   | Killed Sonja
 20476 | Lair:2   | Noticed an eight-headed hydra
 20485 | Lair:2   | Killed an eight-headed hydra
 20553 | Lair:2   | Reached skill level 15 in Dodging
 20629 | Lair:2   | Reached XP level 13. HP: 65/65 MP: 26/26
 20897 | Lair:3   | Found a staircase to the Swamp.
 21114 | Lair:3   | Found a dark tunnel.
 21691 | Lair:3   | Reached skill level 16 in Stealth
 22354 | Lair:4   | Reached skill level 1 in Invocations
 22529 | Lair:4   | Found a staircase to the Snake Pit.
 23454 | Lair:5   | Found a staircase to the Slime Pits.
 24038 | Lair:5   | Reached skill level 17 in Stealth
 24417 | Lair:5   | Reached skill level 5 in Invocations
 24417 | Lair:5   | Reached XP level 14. HP: 74/74 MP: 27/27
 24571 | Lair:6   | Entered Level 6 of the Lair of Beasts
 24888 | Lair:6   | Reached skill level 18 in Stealth
 24945 | Lair:6   | Reached ****** piety under Dithmenos
 25401 | Lair:6   | Drowned by a drowned soul

Illustrated notes

Levels and vault maps discovered:
D:1:      minmay_arrival_hallway, layout_basic
D:2:      layout_rooms, chequers_serial_rivers_large_a
D:3:      layout_loops_ring, kennysheep_generic_room_11, uniq_ijyb, uniq_jessica
D:4:      layout_loops_corners, gup_ossuary_entry_pyramid
D:5:      kennysheep_kobold_camp, layout_loops_ring,
          minmay_temple_entry_slanted, gammafunk_ghost_hive, first_ration,
          gup_sewer_entry_bubbles, lemuel_angel_altar
D:6:      layout_loops_ring, bloody_makhleb, minivault_24
D:7:      layout_basic, minmay_quadrilaterals, uniq_maggie,
          uniq_crazy_yiuf_cottage, uniq_duvessa
D:8:      layout_basic, enter_bailey_7, grunt_decor_arrowhead,
          grunt_ashenzari_visionary [grunt_ashenzari_visionary_swamp,
          grunt_ashenzari_visionary_snake], uniq_psyche
D:9:      minmay_bloctagon_deflated, layout_stronghold, minmay_lair_entry_grove,
          orc_0_dummy
D:10:     layout_roguey, serial_bayou_lagoon_a
D:11:     regret_index_bee_streams, layout_irregular_city
Temple:   dpeg_three_leaves_temple
Lair:1:   layout_regular_city, infiniplex_staircase_pool_2, lemuel_fruit_tree,
          lemuel_fruit_fields, grunt_megastairs_2, uniq_fannar, uniq_sonja
Lair:2:   layout_long_grid, infiniplex_staircase_pool
Lair:3:   layout_loops_ring, minmay_swamp_entry_swarm,
          nicolae_volcano_entry_hallway, cheibrodos_lair_reptile_den
Lair:4:   layout_layer_cave, guppyfry_snake_entry_island
Lair:5:   layout_gridlike, minmay_slime_entry_pillars, st_stairs_11,
          kennysheep_catoblepas_arena, serial_bayou_shore_b
Lair:6:   gammafunk_lair_ancient_temple, layout_cave_shapes

Skill      XL: |  1  2  3  4  5  6  7  8  9 10 11 12 13 14 |
---------------+-------------------------------------------+-----
Stealth        | 5 6 7 8 9 12 13 15 17 18 | 18.0
Short Blades   | 2 3 4 5 6 8 9 10 | 10.0
Spellcasting   | 4 6 7 8 |  8.8
Hexes          | 5 8 9 10 | 10.0
Fighting       | 3 5 6 8 9 |  9.7
Dodging        | 7 8 10 15 | 15.0
Shields        | 1 4 |  4.0
Evocations     | 2 4 |  4.0
Invocations    | 5 |  5.0

Action                   |  1- 3 |  4- 6 |  7- 9 | 10-12 | 13-15 || total
-------------------------+-------+-------+-------+-------+-------++-------
Melee: Dagger            |   105 |   271 |   343 |   549 |   268 ||  1536
Throw: Dart              |       |       |     3 |     5 |     9 ||    17
 Cast: Corona            |     8 |       |       |       |       ||     8
       Ensorcelled Hiber |    43 |    54 |   170 |   206 |   112 ||   585
       Confusing Touch   |       |     3 |     9 |    30 |    30 ||    72
       Dazzling Flash    |       |       |       |     1 |     5 ||     6
       Cause Fear        |       |       |       |       |     1 ||     1
Invok: Shadow Step       |       |       |       |     1 |       ||     1
Evoke: Wand              |       |     6 |     1 |       |     3 ||    10
  Use: Scroll            |     3 |     3 |    17 |     8 |     6 ||    37
       Potion            |       |       |       |     1 |     2 ||     3
 Stab: Sleeping          |    30 |    47 |   115 |   190 |    69 ||   451
       Confused          |       |     3 |    10 |    42 |    37 ||    92
       Distracted        |       |     1 |     1 |       |       ||     2
       Invisible         |       |       |       |       |     3 ||     3
       Petrified         |       |       |       |       |     2 ||     2
  Eat: Ration            |       |     4 |     6 |     3 |     3 ||    16
Armor: Robe              |    14 |    12 |    31 |       |       ||    57
       Steam dragon scal |       |       |     1 |    44 |    43 ||    88
Dodge: Dodged            |   111 |   118 |   216 |   303 |   209 ||   957
Block: Buckler           |       |       |     7 |   105 |    61 ||   173

Table legend:
 A = Non-vault XP
 B = Vault XP
 C = Vault XP percentage of total XP
 D = Non-vault monster count
 E = Vault monster count
 F = Vault count percentage of total count
                 A         B        C        D         E       F
            +---------+---------+-------+---------+---------+-------
      Total |   40943 |   25439 |  38.3 |     348 |     269 |  43.6
            +---------+---------+-------+---------+---------+-------
        D:1 |      36 |       0 |   0.0 |      21 |       0 |   0.0
        D:2 |      67 |       0 |   0.0 |      22 |       0 |   0.0
        D:3 |     164 |      86 |  34.4 |      33 |       3 |   8.3
        D:4 |     743 |      18 |   2.4 |      23 |       1 |   4.2
        D:5 |     103 |     152 |  59.6 |       8 |      25 |  75.8
        D:6 |     834 |       0 |   0.0 |      20 |       0 |   0.0
        D:7 |    1239 |     920 |  42.6 |      17 |       7 |  29.2
        D:8 |    1803 |     459 |  20.3 |      24 |       5 |  17.2
        D:9 |    2399 |    3692 |  60.6 |      41 |      16 |  28.1
       D:10 |    4352 |       0 |   0.0 |      27 |       0 |   0.0
       D:11 |    5689 |    5471 |  49.0 |      22 |      44 |  66.7
     Lair:1 |    2804 |    1061 |  27.5 |      17 |       2 |  10.5
     Lair:2 |    2743 |       0 |   0.0 |      10 |       0 |   0.0
     Lair:3 |    7698 |    1718 |  18.2 |      31 |       7 |  18.4
     Lair:4 |    2443 |     160 |   6.1 |       9 |       1 |  10.0
     Lair:5 |    5134 |    2507 |  32.8 |      15 |       9 |  37.5
     Lair:6 |    2692 |    5542 |  67.3 |       8 |      16 |  66.7
      Sewer |       0 |     153 | 100.0 |       0 |      48 | 100.0
    Ossuary |       0 |     268 | 100.0 |       0 |      45 | 100.0
     Bailey |       0 |    3232 | 100.0 |       0 |      40 | 100.0
            +---------+---------+-------+---------+---------+-------
